Map: Ulrena

Players

LiquidSnute (Snute) - Winner!

  • Race: Zerg Zerg

CMStormPolt (Polt)

  • Race: Terran Terran
  • League: Grandmaster

Event: Root's WW3

VOD

Have the link to the VOD?

Description

Time

  • Played on: Dec. 12, 2015, 7:48 a.m.
  • Length: 7:50

All games in this series

Show
View Real Time Build Order
Export as new Build Order

LiquidSnute Zerg - Winner!

Build Orders: Hatch First, Ravager All-In 

Get SALT Encoding   

  12  0:01  Drone  
  13  0:13  Overlord  
  13  0:17  Drone  
  14  0:31  Drone x2  
  14  0:35  Drone  
  17  0:53  Hatchery  
  17  0:55  Drone  
  17  0:58  Drone  
  17  1:00  Extractor  
  17  1:14  Spawning Pool  
  17  1:18  Drone  
  17  1:21  Drone  
  18  1:28  Drone  
  19  1:39  Drone  
  20  1:53  Overlord  
  20  2:00  Queen  
  22  2:05  Zergling x4  
  22  2:06  Queen  
  26  2:12  Drone  
  27  2:19  Drone  
  28  2:27  Drone  
  28  2:28  Drone  
  30  2:33  Drone  
  31  2:39  Overlord  
  31  2:44  Drone  
  32  2:51  Roach Warren  
  30  2:52  Extractor  
  30  2:54  Drone x2  
  31  2:59  Drone  
  32  3:07  Overlord  
  32  3:08  Overlord  
  32  3:27  Queen x2  
  32  3:32  Roach x4  
  44  3:35  Roach  
  46  3:44  Roach x2  
  50  3:52  Ravager  
  50  3:53  Ravager  
  50  3:54  Ravager  
  50  3:55  Ravager  
  54  3:59  Overlord  
  54  4:00  Overlord  
  55  4:17  Ravager  
  55  4:21  Roach x3  
  55  4:23  Overlord x2  
  51  4:39  Roach x4  
  53  4:51  Roach x2  
  57  4:56  Roach  
  57  4:57  Roach  
  61  5:05  Roach  
  63  5:19  Ravager  
  59  5:24  Overlord, Roach  
  59  5:25  Roach, Queen  
  65  5:38  Ravager  
  66  5:46  Drone  
  66  5:47  Drone x5  
  66  5:48  Queen  
  72  6:05  Drone  
  69  6:18  Roach x3  
  68  6:20  Ravager  
  68  6:24  Roach x2  
  65  6:30  Ravager  
  62  6:41  Roach x2  
  62  6:42  Queen x2  
  62  6:46  Roach  
  70  6:49  Drone  
  71  6:58  Drone x2  
  70  7:09  Roach  
  70  7:10  Roach  
  71  7:16  Roach  
  71  7:17  Roach  
  78  7:22  Roach  
  78  7:23  Roach x3  
  78  7:24  Drone x2  
  76  7:39  Spore Crawler  
  76  7:46  Extractor  
Show
View Real Time Build Order
Export as new Build Order

CMStormPolt Terran 

Build Orders: Reaper Expand 

Get SALT Encoding   

  12  0:02  SCV  
  14  0:14  SCV  
  14  0:17  Supply Depot  
  14  0:26  SCV  
  15  0:39  SCV  
  15  0:41  Barracks  
  16  0:44  Refinery  
  16  0:51  SCV  
  17  1:03  SCV  
  18  1:15  SCV  
  19  1:28  Reaper, Orbital Command  
  20  1:41  Command Center  
  20  1:53  SCV  
  21  1:56  Supply Depot  
  21  2:01  Barracks Reactor  
  21  2:05  SCV  
  21  2:07  Refinery  
  22  2:17  SCV  
  22  2:22  Factory  
  23  2:29  SCV  
  24  2:37  Marine x2  
  24  2:41  SCV  
  27  2:53  Orbital Command  
  27  2:54  SCV  
  27  2:56  Marine x2  
  30  3:06  SCV, Starport, Factory Tech Lab  
  30  3:09  Barracks  
  31  3:14  Marine x2  
  31  3:18  SCV  
  31  3:19  SCV  
  35  3:26  Supply Depot  
  35  3:28  Siege Tank  
  35  3:31  SCV  
  35  3:32  SCV  
  42  3:43  SCV, Viking  
  42  3:44  SCV  
  42  3:46  Marine  
  42  3:48  Marine  
  46  3:50  Supply Depot  
  46  3:55  SCV  
  47  3:56  SCV  
  48  4:07  SCV  
  48  4:08  SCV  
  50  4:12  Supply Depot, Marine x3  
  50  4:13  Stimpack  
  50  4:16  Factory Reactor  
  52  4:17  Starport Reactor  
  52  4:19  SCV, Medivac  
  52  4:20  SCV  
  55  4:35  SCV x2  
  55  4:37  Marine x2  
  55  4:38  Marauder  
  46  4:51  Starport Reactor  
  46  4:53  SCV x2  
  46  4:57  Barracks  
  46  4:58  Engineering Bay  
  48  5:00  Refinery, Factory Reactor  
  48  5:07  Marauder, Marine x2  
  49  5:09  SCV x2  
  51  5:24  Marine x2  
  51  5:26  Bunker  
  55  5:28  Marauder  
  55  5:29  Liberator  
  55  5:31  SCV x2  
  48  5:36  Orbital Command  
  48  5:42  Marine x2  
  45  5:48  Marine x2  
  51  5:50  Marauder  
  51  5:54  Supply Depot x2  
  39  6:11  Marine  
  39  6:13  Marine  
  39  6:14  Marauder  
  39  6:15  Marine  
  31  6:22  Medivac  
  26  6:29  Medivac  
  24  6:36  Marauder  
  24  6:41  Orbital Command  
  17  7:06  Marauder, Marine x2  
  16  7:33  SCV  
Tags
 
Add a new tag
Caveats
  • Supply blocks, unpowered buildings, or Contaminate may cause inaccurate times.
  • Supply counts are checked every 10 seconds.